 Dungeon Crawl Stone Soup version 0.29.0-4-gdea44cf6ec (webtiles) character file.

Game seed: 10201542702460376965

20 qw the Sneak (level 2, -2/19 HPs)
             Began as a Gargoyle Delver on Sept 10, 2022.
             Slain by Grinder (4 damage)
             ... on level 3 of the Dungeon.
             The game lasted 00:00:09 (792 turns).

qw the Sneak (Gargoyle Delver)                       Turns: 792, Time: 00:00:09

Health: -2/19      AC:  5    Str: 15    XL:     2   Next: 79%
Magic:  2/2        EV: 11    Int: 10    God:
Gold:   7          SH:  0    Dex: 11    Spells: 1/1 levels left

rFire   . . .      SeeInvis .   c - +0 war axe
rCold   . . .      Faith    .   (no shield)
rNeg    + . .      Spirit   .   b - +0 leather armour
rPois   inf        Reflect  .   (no helmet)
rElec   +          Harm     .   (no cloak)
rCorr   .          Rampage  .   (no gloves)
Will    .....                   (no boots)
Stlth   +++.......              (no amulet)
HPRegen 0.06/turn               (no ring)
MPRegen 0.08/turn               (no ring)

@: no status effects
A: sickness immunity, AC +2, negative energy resistance 1, electricity
resistance, torment resistance 1, petrification resistance
a: no special abilities


You were on level 3 of the Dungeon.
You visited 1 branch of the dungeon, and saw 3 of its levels.

You collected 7 gold pieces.


Innate Abilities, Weirdness & Mutations

You are immune to sickness and miasma.
Your stone body is resilient. (AC +2)
You are immune to poison.
You resist negative energy. (rN+)
You are resistant to electric shocks. (rElec)
You are resistant to unholy torment.
You are immune to petrification.


   Skills:
 - Level 3.2 Fighting
 + Level 2.9 Axes
 - Level 1.5 Dodging
 - Level 5.4 Stealth


You had one spell level left.
You didn't know any spells.
Your spell library was empty.

Inventory:

Hand Weapons
 c - a +0 war axe (weapon)
Armour
 b - a +0 leather armour (worn)
Wands
 g - a wand of digging (3)
Scrolls
 a - a scroll of identify {unknown}
Potions
 f - a potion of haste

Dungeon Overview and Level Annotations

Branches:
Dungeon (5/15)
 Temple: D:4-7

Altars:

Annotations:
D:3 Grinder


Message History

You kill the adder!
You start resting.
HP restored.
671 ||| Stepping ~*~*~tactically~*~*~ (hiding).
You start waiting.
An orc comes into view. It is wielding a +0 short sword.
The orc shouts!
You hit the orc.
The orc is heavily wounded.
You hear a shout! x3
The orc barely misses you.
The orc drinks a potion.
The orc seems to speed up.
You barely miss the orc.
The orc is heavily wounded.
The orc hits you with a +0 short sword. x2
You closely miss the orc.
The orc is heavily wounded.
The orc hits you but does no damage. The orc hits you with a +0 short sword.
You hit the orc but do no damage.
The orc is heavily wounded.
The orc closely misses you. The orc hits you with a +0 short sword.
You slash the orc!
You kill the orc!
You start resting.
Grinder is nearby!
You see here an adder corpse.
Grinder hits you.
You barely miss Grinder. Grinder hits you but does no damage.
You hit Grinder but do no damage. Grinder gestures at you.
Pain shoots through your body! Grinder hits you but does no damage.
You closely miss Grinder. Grinder hits you.
You hit Grinder.
Grinder is lightly wounded.
Grinder barely misses you.
You slash Grinder!
Grinder is heavily wounded.
Grinder hits you.
You die...

#.# #.# #.# #.# #.# #.#
#.# #.#
############.####.######
........................
###.###.####........#
#5# ##.#####.#
###.###@#####..# ##.#
...........###.# #..#
.##.###%#.## 7.7 ##.#
#.#.##77.77##.#
#)#...........##
........####77.77#...#
5##.##### 7.7 #.#.###
#.###.#.... #...#####.#


You could see Grinder.

Vanquished Creatures
  An adder (D:3)
  5 orcs
6 creatures vanquished.

Notes
Turn   | Place    | Note
-------+----------+-------------------------------------------
     0 | D:5      | qw the Gargoyle Delver began the quest for the Orb.
     0 | D:5      | Reached XP level 1. HP: 14/14 MP: 1/1
     0 | D:5      | 0 ||| qw: Version: 0.1-a-116-g5d60599
     0 | D:5      | 0 ||| qw: Game counter: 8202
     0 | D:5      | 0 ||| qw: Always use a shield: true
     0 | D:5      | 0 ||| qw: God list: Okawaru
     0 | D:5      | 0 ||| qw: Allow faded altars: false
     0 | D:5      | 0 ||| qw: Do Orc after D:15 true
     0 | D:5      | 0 ||| qw: Do second Lair branch before Depths: true
     0 | D:5      | 0 ||| qw: Lair rune preference: random
     0 | D:5      | 0 ||| qw: Plans: Normal
     0 | D:5      | 0 ||| PLANNING D:1-11
     0 | D:5      | 0 ||| DROPPING scroll of fog.
     1 | D:5      | 1 ||| DROPPING scroll of magic mapping.
     2 | D:5      | 2 ||| DROPPING scroll of fear.
    57 | D:4      | 57 ||| SWAPPING to +0 war axe.
    77 | D:4      | HP: 3/14 [orc/+0 club (1)]
    79 | D:4      | Reached XP level 2. HP: 4/19 MP: 2/2
   323 | D:4      | 323 ||| DROPPING +0 hand axe.
   400 | D:3      | Noticed Grinder
   401 | D:3      | 401 ||| Stepping ~*~*~tactically~*~*~ (hiding).
   500 | D:3      | 500 ||| Stepping ~*~*~tactically~*~*~ (hiding).
   671 | D:3      | 671 ||| Stepping ~*~*~tactically~*~*~ (hiding).
   790 | D:3      | HP: 2/19 [Grinder (5)]
   792 | D:3      | Slain by Grinder

Levels and vault maps discovered:
D:3:      layout_loops_ring, nicolae_uskayaw_dance_hall,
          minmay_tree_intersection, uniq_jessica, uniq_grinder
D:4:      layout_gridville, okawaru_ov_weapons_minmay, minmay_fountain_box
D:5:      lemuel_insect_pit, layout_loops_ring, minmay_temple_entry_mist,
          serial_shops, shop, uniq_duvessa

Skill      XL: |  1 |
---------------+----+-----
Axes           | 2 |  2.9
Fighting       | |  3.2
Dodging        | |  1.5
Stealth        | |  5.4

Action                   || total
-------------------------++-------
Melee: War axe           ||    28
Armor: Leather armour    ||    14
Dodge: Dodged            ||    13

Table legend:
 A = Non-vault XP
 B = Vault XP
 C = Vault XP percentage of total XP
 D = Non-vault monster count
 E = Vault monster count
 F = Vault count percentage of total count
                 A         B        C        D         E       F
            +---------+---------+-------+---------+---------+-------
      Total |      29 |       0 |   0.0 |       6 |       0 |   0.0
            +---------+---------+-------+---------+---------+-------
        D:3 |      17 |       0 |   0.0 |       2 |       0 |   0.0
        D:4 |      12 |       0 |   0.0 |       4 |       0 |   0.0
            +---------+---------+-------+---------+---------+-------
